 Dungeon Crawl Stone Soup version 0.15.1-1-gfacfea3 (webtiles) character file.

168 Kashira the Chiller (level 5, 21/21 HPs)
             Began as a Felid Ice Elementalist on Sept 24, 2014.
             Quit the game on Level 4 of the Dungeon on Sept 25, 2014.
             The game lasted 00:14:43 (4271 turns).

Kashira the Chiller (Felid Ice Elementalist)        Turns: 4271, Time: 00:14:44

HP  21/21        AC  6     Str  6      XL: 5   Next: 24%
MP  16/16        EV 18     Int 16      God:
Gold 221         SH  0     Dex 17      Spells:  4 memorised,  2 levels left
Lives: 0, deaths: 1

rFire  . . .     SeeInvis +     (weapon unavailable)
rCold  . . .     Clarity  .     (armour unavailable)
rNeg   . . .     rCorr    .     (shield unavailable)
rPois  .         rRot     .     (helmet unavailable)
rElec  .         Spirit   .     (cloak unavailable)
SustAb .         Warding  .     (gloves unavailable)
rMut   .         Stasis   .     (boots unavailable)
Gourm  .                        (no amulet)
MR     .....                    q - ring of flight
                                i - +4 ring of protection

@: quick, not resistant to hostile enchantments, fairly stealthy
A: paw claws, no armour, no weapons or thrown items, fangs 3, see invisible,
carnivore 3, speed 1, shaggy fur 2, slow metabolism 1, jump 2
a: Jump Attack, Evoke Flight


You were on level 4 of the Dungeon.
You were not hungry.

You visited 2 branches of the dungeon, and saw 5 of its levels.

You collected 221 gold pieces.

Inventory:

Magical devices
 t - a wand of frost (10)
Comestibles
 c - 4 meat rations
 o - a chunk of hobgoblin flesh
Scrolls
 a - 3 scrolls of recharging
 e - 2 scrolls of amnesia {unknown}
 g - a scroll of magic mapping {unknown}
 j - a scroll of immolation {unknown}
 l - 4 scrolls of remove curse {unknown}
 p - 2 scrolls of fog {unknown}
 r - a scroll of random uselessness {unknown}
Jewellery
 d - an uncursed ring of ice
 i - a +4 ring of protection (left paw)
 q - a ring of flight (right paw)
Potions
 f - a potion of degeneration {unknown}
 h - 2 potions of heal wounds
 m - 2 potions of brilliance
 n - a potion of invisibility {unknown}
 s - a potion of resistance {unknown}
 v - a potion of haste {unknown}
 w - 2 potions of restore abilities {unknown}
Books
 b - a book of Frost

   Spells                             Type                      Level
   *Freeze                            Ice                          1
   *Throw Frost                       Conjuration/Ice              2
   *Ozocubu's Armour                  Charms/Ice                   3
   Throw Icicle                       Conjuration/Ice              4
   Summon Ice Beast                   Ice/Summoning                4
   *Condensation Shield               Ice                          4
 u - a book of Power

   Spells                             Type                      Level
   Fulminant Prism                    Conjuration/Hexes            4
   Iskenderun's Mystic Blast          Conjuration                  4
   Venom Bolt                         Conjuration/Poison           5
   Bolt of Magma                      Conjuration/Fire/Earth       5
   Iron Shot                          Conjuration/Earth            6
   Orb of Destruction                 Conjuration                  7


   Skills:
 + Level 0.2 Fighting
 + Level 3.3 Dodging
 + Level 3.5 Stealth
 + Level 0.2 Unarmed Combat
 + Level 4.3 Spellcasting
 + Level 0.8 Conjurations
 + Level 4.5 Ice Magic
 + Level 0.2 Evocations


You had 2 spell levels left.
You knew the following spells:

 Your Spells              Type           Power        Failure   Level  Hunger
a - Freeze                Ice            ###.         2%          1    None
b - Throw Frost           Conj/Ice       ##....       10%         2    ##.....
c - Ozocubu's Armour      Chrm/Ice       ##......     21%         3    ###....
d - Condensation Shield   Ice            ###.......   28%         4    ####...


Dungeon Overview and Level Annotations

Branches:
Dungeon (4/15)             Temple (1/1) D:4

Altars:
Cheibriados
Fedhas
Makhleb
Nemelex Xobeh
Okawaru
Trog
Vehumet
Xom

Annotations:
D:4 Menkaure, Sigmund


Innate Abilities, Weirdness & Mutations

You cannot wear armour.
You are incapable of wielding weapons or throwing items.
Your paws have sharp claws.
You have razor-sharp teeth.
You have supernaturally acute eyesight.
You are carnivorous and can eat meat at any time.
You cover ground quickly.
You are covered in thick fur (AC +2).
You have a slow metabolism.
You can jump attack at a medium distance.


Message History

Press: ? - help, Shift-Dir - straight line, f/p - orc wizard
Aim: an orc wizard, wielding a dagger and wearing a robe (severely wounded)
You freeze the orc wizard.
You kill the orc wizard!
The orc wizard hits you with a dagger.
The orc wizard points at you and mumbles some strange words.
The puff of flame hits you!
You die...
The orc completely misses you. The heat melts your icy shield.
You are now level 5!
You rejoin the land of the living...
Unknown command.
Unknown command.
Unknown command.
Unknown command.
Unknown command.
Unknown command.
Unknown command.
Are you sure you want to abandon this character and quit the game? (Confirm with "yes".)

......## ##..## #..## ##.
###....#####....###...# ##.. #
###.................## ###...
#...................## #.....
####.#..%...#...........###....##
#...........##...#####.......##
#..#..8..#..##...# #.....
...##...##...#...# #..#
...#######......@# ##..#
...##.).##.......## ##...##
...#..8..#.......)####.....## #
#...........##....#......%..#####
##...=......###..................
##..........#####........).......
...%.........# #...............##
.............###..............##
..............#...............#


There were no monsters in sight!

Vanquished Creatures
  An ogre (D:4)
  A hound (D:4)
  An orc wizard (D:4)
  2 worker ants (D:4)
  5 adders
  2 worms (D:2)
  4 giant geckos
  5 orcs
  2 ball pythons
  6 bats
  6 giant cockroaches
  9 hobgoblins
  8 jackals
  A quokka (D:3)
  A giant gecko zombie (D:3)
  5 giant newts
  4 goblins
  7 kobolds
  5 rats
75 creatures vanquished.

Notes
Turn   | Place    | Note
--------------------------------------------------------------
     0 | D:1      | Kashira, the Felid Ice Elementalist, began the quest for the Orb.
     0 | D:1      | Reached XP level 1. HP: 7/7 MP: 4/4
   468 | D:1      | Reached XP level 2. HP: 11/11 MP: 3/5
   698 | D:1      | Reached skill level 3 in Ice Magic
  1492 | D:2      | Reached XP level 3. HP: 14/14 MP: 6/8
  1631 | D:2      | Learned a level 2 spell: Throw Frost
  2656 | D:3      | Reached XP level 4. HP: 18/18 MP: 5/11
  2868 | D:3      | Learned a level 3 spell: Ozocubu's Armour
  3261 | D:4      | Noticed Sigmund
  3531 | D:4      | Noticed an ogre
  3546 | D:4      | Killed an ogre
  3546 | D:4      | Reached skill level 4 in Ice Magic
  3546 | D:4      | Reached XP level 5. HP: 21/21 MP: 4/14
  3553 | D:4      | Learned a level 4 spell: Condensation Shield
  3725 | D:4      | Got a wavering marble ring
  3727 | D:4      | Identified the ring of the Shining Light {Str-3 Stlth-} (You found it on level 4 of the Dungeon)
  3768 | D:4      | Gained mutation: You are covered in thick fur (AC +2). [growing up]
  3768 | D:4      | Gained mutation: You can jump attack at a medium distance. [growing up]
  3768 | D:4      | Reached XP level 6. HP: 4/24 MP: 9/18
  3975 | D:4      | Found a staircase to the Ecumenical Temple.
  3992 | Temple   | Entered the Ecumenical Temple
  4069 | D:4      | Noticed Menkaure
  4270 | D:4      | Killed from afar by an orc wizard
  4271 | D:4      | Reached XP level 5. HP: -1/21 MP: 7/16
  4271 | D:4      | Quit the game

Action                   |  1- 3 |  4- 6 || total
-------------------------+-------+-------++-------
Melee: Unarmed           |    10 |     4 ||    14
 Cast: Freeze            |    68 |    63 ||   131
       Throw Frost       |     5 |       ||     5
       Condensation Shie |       |     2 ||     2
       Ozocubu's Armour  |       |     1 ||     1
Evoke: Wand              |       |     3 ||     3
  Use: Scroll            |     5 |     4 ||     9
       Potion            |       |     2 ||     2
  Eat: Chunk             |    11 |     3 ||    14
